 Dungeon Crawl Stone Soup version 0.29.1-12-g30fa7ad0bf (webtiles) character file.

Game seed: 828479031365151448

21998 soggyman666 the Cleaver (level 12, -3/160 HPs)
             Began as a Minotaur Fighter on Dec 28, 2022.
             Was an Elder of Trog.
             Succumbed to a cane toad's poison
             ... on level 2 of the Lair of Beasts.
             The game lasted 00:43:45 (12362 turns).

soggyman666 the Cleaver (Minotaur Fighter)         Turns: 12362, Time: 00:43:45

Health: -3/160     AC: 19    Str: 26    XL:     12   Next: 59%
Magic:  11/11      EV:  9    Int:  5    God:    Trog [****..]
Gold:   935        SH: 11    Dex: 10    Spells: 11/11 levels left

rFire   + . .      SeeInvis .   a - +4 war axe
rCold   x . .      Faith    .   I - +0 kite shield
rNeg    + . .      Spirit   .   y - +0 plate armour
rPois   .          Reflect  .   K - +1 hat
rElec   .          Harm     .   u - +0 cloak
rCorr   .          Rampage  +   (no gloves)
Will    .....                   m - +1 pair of boots {rampage}
Stlth   ..........              r - amulet of regeneration
HPRegen 1.16/turn               C - ring of positive energy
MPRegen 0.12/turn               G - ring of fire

@: berserking, lethally poisoned (-3 -> -21), slowed
A: horns 2, retaliatory headbutt
a: Renounce Religion, Berserk, Trog's Hand, Brothers in Arms


You were on level 2 of the Lair of Beasts.
You worshipped Trog.
Trog was greatly pleased with you.
You visited 3 branches of the dungeon, and saw 15 of its levels.

You collected 1049 gold pieces.
You spent 114 gold pieces at shops.

Inventory:

Hand Weapons
 a - a +4 war axe (weapon)
 q - a +6 spear of freezing
 D - a +2 whip of flaming
Missiles
 v - 2 curare-tipped darts
 x - 6 javelins (quivered)
 L - a throwing net
Armour
 m - a +1 pair of boots of rampaging (worn)
 t - a +0 scale mail of fire resistance
 u - a +0 cloak (worn)
 y - a +0 plate armour (worn)
 B - a +0 chain mail
 I - a +0 kite shield (worn)
 K - a +1 hat (worn)
Jewellery
 r - an amulet of regeneration (around neck)
 C - a ring of positive energy (left hand)
 G - a ring of fire (right hand)
 O - a ring of see invisible
Wands
 c - a wand of paralysis (3)
 n - a wand of iceblast (8)
 F - a wand of flame (29)
 M - a wand of mindburst (6)
 N - a wand of digging (2)
Scrolls
 d - 4 scrolls of magic mapping
 e - 6 scrolls of teleportation
 f - 3 scrolls of fog
 g - 5 scrolls of fear
 i - a scroll of poison
 w - 3 scrolls of noise
Potions
 b - 2 potions of flight
 h - 6 potions of curing
 j - 2 potions of heal wounds
 o - a potion of might
 s - a potion of resistance {unknown}
 z - a potion of attraction {unknown}
 A - 2 potions of berserk rage {unknown}
 E - a potion of lignification {unknown}
 H - a potion of haste {unknown}
Miscellaneous
 l - a tin of tremorstones (2/2)


   Skills:
 * Level 10.5 Fighting
 * Level 11.8 Axes
 + Level 6.7 Throwing
 * Level 10.5 Armour
 * Level 9.3 Dodging
 * Level 10.4 Shields
 + Level 6.0 Evocations


You had 11 spell levels left.
You didn't know any spells.
Your spell library was empty.

Dungeon Overview and Level Annotations

Branches:
Dungeon (11/15)            Temple (1/1) D:7            Lair (3/5) D:10
  Snake (0/4) Lair:2          Orc (0/2) D:10
  Swamp: Lair:2-3    Shoals: Lair:2-3

Altars:
Ashenzari
Cheibriados
Dithmenos
Elyvilon
Fedhas
Gozag
Hepliaklqana
Kikubaaqudgha
Makhleb
Nemelex Xobeh
Okawaru
Qazlal
Ru
Sif Muna
Trog
Uskayaw
Vehumet
Wu Jian
Xom
Yredelemnul
Zin
The Shining One

Shops:
D:3 =   D:9 *!=

Annotations:
D:8 exclusion: ice statue
D:11 Fannar


Innate Abilities, Weirdness & Mutations

You have a pair of horns on your head.
You reflexively headbutt those who attack you in melee.


Message History

You hit the torpor snail. You headbutt the torpor snail.
The torpor snail is moderately wounded.
You hit the cane toad. You slash the water moccasin!
You slash the komodo dragon!
You feel very sick. The komodo dragon barely misses you.
The water moccasin completely misses you.
You furiously retaliate!
You headbutt the water moccasin. The torpor snail bites you!
* * * LOW HITPOINT WARNING * * *
The cane toad stings you but does no damage.
You slash the torpor snail! You headbutt the torpor snail.
The torpor snail is moderately wounded.
You slash the cane toad! You slash the water moccasin!
You closely miss the komodo dragon.
You feel very sick. The water moccasin barely misses you.
The komodo dragon bites you but does no damage.
The cane toad closely misses you. You block the water moccasin's attack.
You block the torpor snail's attack.
The komodo dragon bites you but does no damage.
You slice the torpor snail!!
The torpor snail is severely wounded.
You hit the cane toad. You slash the water moccasin!
You kill the water moccasin!
Trog accepts your kill.
You slash the komodo dragon!
You feel very sick. The cane toad stings you!
* * * LOW HITPOINT WARNING * * *
You are more poisoned.
The cane toad poisons you!
The blink frog hits you but does no damage.
The komodo dragon barely misses you.
You are too berserk!
Unknown command.
You are too berserk!
Okay, then.
You are too injured to fight recklessly!
You die...

#######..###.##...###..## ##.#...
##....#####...###..# #......
#.#....# #....##..# #......
######..### #...###..####......
##.####..### #..###...#.###.....
#...##.....####..P#.............P
.................................
...............†l........##.##...
#P.#..#.#.#####.@w.....######....
###....#### #[FF###...#####....
#...## #...###...#..#.....
###...# #...#..............
##....### #..###.....>.....^.
.##...#.#######..##.#..######....
.......................## ##...
........................# #...
#####.##...#.#...###...## #..~


You could see a torpor snail, a komodo dragon, a cane toad and a blink frog.

Vanquished Creatures
  Gastronok (D:9)
  A hydra (Lair:1)
  A two-headed ogre (D:9)
  Pikel (D:8)
  6 elephants
  2 black mambas (Lair:2)
  2 centaur zombies (D:10)
  A gargoyle (D:10)
  7 cane toads
  A rime drake (Lair:2)
  3 komodo dragons
  3 hornets
  5 blink frogs
  A shadow (D:10)
  33 yaks
  A wraith (D:9)
  Menkaure (D:6)
  13 water moccasins
  2 black bears
  5 orc warriors
  4 wolves (Lair:1)
  2 ogres
  4 centaurs
  A lemure (D:8)
  5 kobold brigands
  Blork the orc (D:5)
  4 gnoll sergeants
  9 bullfrogs
  3 scorpions (D:10)
  2 necrophages (D:5)
  7 killer bees
  2 howler monkeys (D:8)
  A hound (D:7)
  3 jellies
  6 orc priests
  Ijyb (D:5)
  3 iguanas
  3 orc wizards
  6 hell rats (Lair:3)
  7 adders
  25 gnolls
  A shadow imp (D:5)
  A white imp (D:8)
  An ufetubus (D:5)
  5 worms
  3 dart slugs
  38 orcs
  13 endoplasms
  2 giant cockroaches (D:1)
  11 goblins
  6 hobgoblins
  7 jackals
  26 kobolds
  4 quokkas
  7 ball pythons
  2 bats
  5 frilled lizards
  9 rats
330 creatures vanquished.

Vanquished Creatures (others)
  Maurice (D:8)
  82 fungi
  37 plants
120 creatures vanquished.

Grand Total: 450 creatures vanquished

Notes
Turn   | Place    | Note
-------+----------+-------------------------------------------
     0 | D:1      | soggyman666 the Minotaur Fighter began the quest for the
                  | Orb.
     0 | D:1      | Reached XP level 1. HP: 19/19 MP: 0/0
    89 | D:1      | Reached skill level 3 in Axes
   161 | D:1      | Reached XP level 2. HP: 26/26 MP: 1/1
   587 | D:1      | Reached skill level 4 in Axes
   595 | D:1      | You fall into a shaft and drop 1 floor!
   782 | D:1      | Reached XP level 3. HP: 31/31 MP: 2/2
  1350 | D:2      | Found a shimmering altar of Xom.
  1390 | D:2      | Reached skill level 1 in Dodging
  1705 | D:2      | Reached XP level 4. HP: 39/39 MP: 3/3
  1711 | D:2      | Reached skill level 5 in Axes
  1824 | D:2      | Found a faded altar of an unknown god.
  2223 | D:3      | Found Lamirec's Jewellery Shoppe.
  2637 | D:4      | Reached XP level 5. HP: 38/45 MP: 4/4
  2641 | D:4      | Reached skill level 6 in Axes
  2892 | D:4      | Noticed a black bear
  2899 | D:4      | Killed a black bear
  2900 | D:4      | Reached XP level 6. HP: 37/51 MP: 5/5
  3110 | D:4      | Reached skill level 7 in Axes
  3483 | D:5      | Entered Level 5 of the Dungeon
  3867 | D:5      | Reached skill level 8 in Axes
  3926 | D:5      | Noticed Blork the orc
  3931 | D:5      | Killed Blork the orc
  3932 | D:5      | Reached XP level 7. HP: 51/57 MP: 6/6
  4057 | D:5      | Identified the +7 falchion of Grandeur {venom, rPois Dex-2
                  | SInv Stlth+}
  4214 | D:5      | Noticed Ijyb
  4220 | D:5      | Killed Ijyb
  4232 | D:5      | Found an ornate altar of the Wu Jian Council.
  4790 | D:6      | Found a sparkling altar of Nemelex Xobeh.
  5059 | D:6      | Found a white marble altar of Elyvilon.
  5064 | D:6      | Reached XP level 8. HP: 63/67 MP: 7/7
  5235 | D:6      | Noticed Menkaure
  5246 | D:6      | Killed Menkaure
  5247 | D:6      | Reached skill level 5 in Fighting
  5247 | D:6      | Reached skill level 5 in Armour
  5247 | D:6      | Reached skill level 5 in Shields
  5375 | D:6      | Found a radiant altar of Vehumet.
  5678 | D:7      | Found a bloodstained altar of Trog.
  5810 | D:7      | Became a worshipper of Trog the Wrathful
  6122 | D:7      | Found a staircase to the Ecumenical Temple.
  6158 | Temple   | Entered the Ecumenical Temple
  6391 | D:7      | Reached skill level 5 in Dodging
  6843 | D:8      | Noticed Pikel
  6860 | D:8      | Killed Pikel
  6861 | D:8      | Reached XP level 9. HP: 44/78 MP: 8/8
  7007 | D:8      | Reached * piety under Trog
  7008 | D:8      | Found a shimmering altar of Xom.
  7061 | D:8      | Reached skill level 9 in Axes
  7082 | D:8      | Found a broken altar of Ashenzari.
  7085 | D:8      | Noticed Maurice
  7111 | D:8      | Killed Maurice
  7218 | D:8      | Found a shadowy altar of Dithmenos.
  7643 | D:8      | Noticed an ice statue
  8084 | D:9      | Reached XP level 10. HP: 81/88 MP: 9/9
  8168 | D:9      | Reached ** piety under Trog
  8225 | D:9      | Found a hazy altar of Hepliaklqana.
  8304 | D:9      | Found Ufa Toos's Jewellery Emporium.
  8312 | D:9      | Reached skill level 10 in Axes
  8382 | D:9      | Noticed a two-headed ogre
  8388 | D:9      | Killed a two-headed ogre
  8415 | D:9      | Noticed Gastronok
  8426 | D:9      | Killed Gastronok
  8555 | D:9      | Found Woathrad's Distillery.
  8571 | D:9      | Bought a potion of might for 56 gold pieces
  8678 | D:9      | Found Siukk's Assorted Antiques.
  8682 | D:9      | Bought a scroll of identify for 58 gold pieces
  8865 | D:10     | Entered Level 10 of the Dungeon
  8880 | D:10     | Noticed a gargoyle
  8892 | D:10     | Killed a gargoyle
  8989 | D:10     | Found an iron altar of Okawaru.
  9034 | D:10     | Reached *** piety under Trog
  9074 | D:10     | Found a staircase to the Orcish Mines.
  9129 | D:10     | Reached XP level 11. HP: 97/97 MP: 10/10
  9143 | D:10     | Found a basalt altar of Yredelemnul.
  9365 | D:10     | Found a staircase to the Lair.
  9371 | D:10     | Reached skill level 11 in Axes
  9737 | D:11     | Noticed Fannar
  9770 | Lair:1   | Entered Level 1 of the Lair of Beasts
  9791 | Lair:1   | Reached skill level 1 in Throwing
  9793 | Lair:1   | Reached skill level 1 in Evocations
  9940 | Lair:1   | Noticed a seven-headed hydra
  9989 | Lair:1   | Killed a seven-headed hydra
 10771 | Lair:2   | Reached skill level 5 in Throwing
 10808 | Lair:1   | Reached skill level 5 in Evocations
 10955 | Lair:2   | Reached **** piety under Trog
 11337 | Lair:2   | Reached XP level 12. HP: 106/106 MP: 11/11
 11430 | Lair:2   | Reached skill level 10 in Armour
 11435 | Lair:2   | Reached skill level 10 in Fighting
 11435 | Lair:2   | Reached skill level 10 in Shields
 11611 | Lair:2   | Found a staircase to the Snake Pit.
 12361 | Lair:2   | HP: 3/160 [cane toad (12)]
 12362 | Lair:2   | Succumbed to a cane toad's poison

Illustrated notes

Levels and vault maps discovered:
D:1:      minmay_arrival_four_houses, layout_basic
D:2:      layout_basic, shapermc_ecumenical_altar_pompeii, basic_altar,
          solitary_fountain, st_stairs_14, minmay_misc_feat_secret_circle
D:3:      layout_basic, serial_shops, shop_statue, st_stairs_10,
          dk_noncrumbling_2
D:4:      layout_layer_cave
D:5:      layout_loops_ring, nicolae_overflow_crystal_walls,
          serial_bayou_pond_e, uniq_blork_the_orc, uniq_ijyb
D:6:      layout_loops_cross, kennysheep_mini, mainiacjoe_overflow_alcove_1,
          mainiacjoe_overflow_boulevard, sigmund_army, uniq_menkaure
D:7:      layout_basic, mainiacjoe_overflow_alcove_4,
          minmay_temple_entry_steel_oval, minmay_between
D:8:      lemuel_ice_statue, layout_basic, evilmike_ruin_ashenzari,
          mainiacjoe_overflow_catch_the_wave, special_room [special_room_orc],
          uniq_pikel, uniq_maurice
D:9:      layout_roguey, lemuel_round_altar, serial_shops, nicolae_shop_stone,
          nicolae_shop_behind_doors, nicolae_square_shop, uniq_gastronok
D:10:     layout_roguey, mainiacjoe_overflow_tiny_flanked,
          lemuel_zombie_altar_yredelemnul, grunt_lair_entry_orc_guard_hut,
          orc_0_dummy
D:11:     layout_long_grid, serial_shops, nicolae_shop_bloodbath_and_beyond,
          shop, shop, shop, shop_statue, kennysheep_generic_room_13, uniq_fannar
Temple:   jpeg_temple_clearing
Lair:1:   layout_roguey
Lair:2:   layout_small_grid, guppyfry_snake_entry_island, beast_lair_carwin_3,
          lemuel_fruit_tree, lemuel_fruit_fields
Lair:3:   layout_long_grid, minmay_shoals_entry_hut,
          chequers_serial_rivers_micro_e, grunt_megastairs_3

Skill      XL: |  1  2  3  4  5  6  7  8  9 10 11 12 |
---------------+-------------------------------------+-----
Axes           | 3 4 5 6 8 9 10 11 | 11.8
Dodging        | 1 2 3 5 6 8 9 |  9.3
Fighting       | 4 6 7 9 10 | 10.5
Armour         | 4 6 8 9 10 | 10.5
Shields        | 4 6 8 9 10 | 10.4
Throwing       | 6 |  6.7
Evocations     | 5 6 |  6.0

Action                   |  1- 3 |  4- 6 |  7- 9 | 10-12 || total
-------------------------+-------+-------+-------+-------++-------
Melee: War axe           |    82 |   120 |   341 |   376 ||   919
       Headbutt          |     7 |    23 |    57 |    99 ||   186
       Spear             |       |       |     8 |       ||     8
       Whip              |       |       |     3 |     3 ||     6
Throw: Javelin           |       |       |       |     2 ||     2
Invok: Berserk           |       |       |       |     2 ||     2
  Use: Scroll            |     4 |     5 |     4 |    11 ||    24
       Potion            |       |     1 |     3 |     3 ||     7
Armor: Scale mail        |    25 |    52 |    60 |       ||   137
       Plate armour      |       |       |    91 |   252 ||   343
Dodge: Dodged            |    38 |    52 |   131 |   210 ||   431
Block: Buckler           |    16 |    25 |   127 |    75 ||   243
       Kite shield       |       |       |       |   192 ||   192
